Hurricanes vs Avalanche

Created - March 3 2008 at 19:47

Goals
1 2 3 T
Hurricanes 1 2 0 3
Avalanche 1 0 1 2
Shots
1 2 3 T
Hurricanes 10 6 5 21
Avalanche 6 8 8 22

Period #1

1. Hurricanes , Shawn Bates 8 (Sergei Gonchar, Ladislav Nagy) at 4:30 (PP)
2. Avalanche , Martin Straka 20 (Joni Pitkanen, Mike Cammalleri) at 8:35

Penalties :
Karlis Skrastins (COL) for Hooking (Minor) at 2:31, Karlis Skrastins (COL) for Cross-checking (Minor) at 5:32, Brendan Morrison (CAR) for Roughing (Minor) at 9:47, Randy Jones (COL) for Hooking (Minor) at 13:33

Period #2

3. Hurricanes , Sergei Gonchar 9 (Joe Corvo, Ladislav Nagy) at 1:49 (PP)
4. Hurricanes , Brendan Morrison 13 (Joe Corvo, Sergei Gonchar) at 18:41 (PP)

Penalties :
Randy Jones (COL) for Hooking (Minor) at 0:23, Joni Pitkanen (COL) for Hooking (Minor) at 3:02, Sergei Brylin (COL) for Tripping (Minor) at 3:53, Ladislav Nagy (CAR) for Charging (Minor) at 9:05, Mike Modano (COL) for Slashing (Minor) at 18:12, Sergei Brylin (COL) for Tripping (Minor) at 18:17

Period #3

5. Avalanche , Kevin Klein 6 (Brandon Bochenski, Mike Modano) at 11:28 (PP)

Penalties :
Sergei Gonchar (CAR) for Roughing (Double Minor) at 3:34, Ladislav Nagy (CAR) for Tripping (Minor) at 7:51, Kevin Bieksa (CAR) for High sticking (Double Minor) at 11:09, Martin Straka (COL) for Interference (Minor) at 19:36, Kevin Bieksa (CAR) for Roughing (Minor) at 19:36

Goalie Stats

Cristobal Huet (CAR), 20 saves from 22 shots - (0.909), W, 24-30-5, 60:00 minutes
Mike Smith (COL), 18 saves from 21 shots - (0.857), L, 19-27-8, 59:21 minutes

Players Stats

Hurricanes
Player Name              G  A  P  +/- PIM S  H  SB FO MP 
-----------------------------------------------------------
Aaron Miller             0  0  0  -1  0   0  0  1  0  19 
Aaron Ward               0  0  0   0  0   0  0  1  0  4  
Brendan Morrison         1  0  1   0  2   2  0  0  13 12 
Brent Sopel              0  0  0   0  0   1  0  0  0  23 
Chris Gratton            0  0  0   0  0   1  0  0  1  11 
Cory Stillman            0  0  0   0  0   1  1  0  15 22 
Eric Belanger            0  0  0   0  0   0  1  0  14 18 
Eric Staal               0  0  0   0  0   0  0  0  0  0  
Erik Cole                0  0  0   0  0   2  2  0  5  23 
Jean-Pierre Vigier       0  0  0  -1  0   2  2  0  10 25 
Joe Corvo                0  2  2   0  0   0  1  2  0  25 
Jordan Staal             0  0  0   0  0   0  0  0  0  0  
Kevin Bieksa             0  0  0  -1  6   0  1  1  0  24 
Ladislav Nagy            0  2  2   0  4   2  1  1  1  24 
Pavol Demitra            0  0  0  -1  0   3  0  0  0  9  
Sergei Gonchar           1  2  3   0  4   3  0  0  0  25 
Shawn Bates              1  0  1   0  0   2  1  1  2  23 
Wes Walz                 0  0  0  -1  0   2  1  0  17 16 
Avalanche
Player Name              G  A  P  +/- PIM S  H  SB FO MP 
-----------------------------------------------------------
Bill Thomas              0  0  0   0  0   0  0  0  1  17 
Brandon Bochenski        0  1  1   0  0   2  0  0  2  13 
Brett Mclean             0  0  0   0  0   0  0  0  12 12 
Craig Conroy             0  0  0   0  0   5  0  0  16 16 
Gary Roberts             0  0  0   0  0   2  3  0  1  16 
Greg De Vries            0  0  0   0  0   0  2  1  0  22 
Joni Pitkanen            0  1  1   1  2   2  0  0  0  24 
Karlis Skrastins         0  0  0   0  4   0  2  3  0  19 
Kevin Klein              1  0  1   0  0   2  1  2  0  18 
Kurt Sauer               0  0  0   0  0   2  1  2  0  20 
Martin Straka            1  0  1   1  2   3  0  0  1  18 
Mike Cammalleri          0  1  1   1  0   2  3  0  0  16 
Mike Modano              0  1  1   0  2   0  0  0  21 20 
Patrick Sharp            0  0  0   1  0   1  2  0  22 22 
Peter Bondra             0  0  0   0  0   0  0  0  1  7  
Randy Jones              0  0  0   1  4   0  0  0  0  21 
Sergei Brylin            0  0  0   0  4   0  0  0  0  9  
Wojtek Wolski            0  0  0   0  0   1  0  0  1  15 

3 Stars

1 - Sergei Gonchar (CAR)
2 - Martin Straka (COL)
3 - Joe Corvo (CAR)

Power Play

Hurricanes - 3 on 8 Attempt(s) - 37.50%
Avalanche - 1 on 5 Attempt(s) - 20.00%

Penalty Kill

Hurricanes - 4 on 5 Attempt(s) - 80.00% - Score 0 goal in Penalty Kill
Avalanche - 5 on 8 Attempt(s) - 62.50% - Score 0 goal in Penalty Kill

Game Notes

No Game Note

Finance

Level 1 -- Attendance: 4487 (74.78%) -- Ticket Income $403,830.00
Level 2 -- Attendance: 2745 (54.90%) -- Ticket Income $164,700.00
Level 3 -- Attendance: 1157 (57.65%) -- Ticket Income $40,495.00
Level 4 -- Attendance: 2041 (51.03%) -- Ticket Income $51,025.00
Luxury Box -- Attendance: 548 (54.80%) -- Ticket Income $109,600.00
Game was played at the Pepsi Center
Total Attendance: 10978 (60.97%)
Total Ticket Income: $781,909.70
Other Income: $124,857.00
Total Income: $906,767.00


Play by Play

Period #1

0:01 of 1st period - Patrick Sharp wins face-off versus Eric Belanger in neutral zone.
1:31 of 1st period - Shot by Brandon Bochenski.
1:31 of 1st period - Stopped by Cristobal Huet without a rebound.
1:32 of 1st period - Craig Conroy wins face-off versus Wes Walz in Hurricanes zone.
1:41 of 1st period - Aaron Miller is hit by Gary Roberts and loses puck.
1:58 of 1st period - Shot by Chris Gratton.
1:58 of 1st period - Shot Misses the Net.
2:00 of 1st period - Shot by Wes Walz.
2:00 of 1st period - Stopped by Mike Smith with a rebound.
2:02 of 1st period - Shot by Shawn Bates.
2:02 of 1st period - Shot Blocked by Karlis Skrastins.
2:12 of 1st period - Icing by Bill Thomas.
2:13 of 1st period - Ladislav Nagy wins face-off versus Craig Conroy in Avalanche zone.
2:13 of 1st period - Joe Corvo is hit by Karlis Skrastins and loses puck.
2:31 of 1st period - Minor Penalty to Karlis Skrastins for Hooking.
2:32 of 1st period - Jean-Pierre Vigier wins face-off versus Mike Modano in Avalanche zone.
3:20 of 1st period - Shot by Sergei Gonchar.
3:20 of 1st period - Shot Blocked by Kevin Klein.
3:22 of 1st period - Shot by Sergei Gonchar.
3:22 of 1st period - Shot Blocked by Greg De Vries.
3:24 of 1st period - Shot by Sergei Gonchar.
3:24 of 1st period - Stopped by Mike Smith without a rebound.
3:25 of 1st period - Mike Modano wins face-off versus Brendan Morrison in Avalanche zone.
3:31 of 1st period - Icing by Kevin Bieksa.
3:32 of 1st period - Mike Modano wins face-off versus Brendan Morrison in Hurricanes zone.
4:20 of 1st period - Shot by Sergei Gonchar.
4:20 of 1st period - Shot Blocked by Kurt Sauer.
4:24 of 1st period - Shot by Shawn Bates.
4:24 of 1st period - Shot Misses the Net.
4:28 of 1st period - Shot by Shawn Bates.
4:28 of 1st period - Stopped by Mike Smith with a rebound.
4:30 of 1st period - Shot by Shawn Bates.
4:30 of 1st period - Goal by Shawn Bates - Hurricanes : 1 - Avalanche : 0.
4:31 of 1st period - Eric Belanger wins face-off versus Craig Conroy in neutral zone.
4:41 of 1st period - Off-side.
4:42 of 1st period - Wes Walz wins face-off versus Patrick Sharp in neutral zone.
5:12 of 1st period - Shot by Pavol Demitra.
5:12 of 1st period - Stopped by Mike Smith without a rebound.
5:13 of 1st period - Craig Conroy wins face-off versus Jean-Pierre Vigier in Avalanche zone.
5:13 of 1st period - Craig Conroy is hit by Jean-Pierre Vigier.
5:24 of 1st period - Joe Corvo is hit by Kurt Sauer and loses puck.
5:32 of 1st period - Minor Penalty to Karlis Skrastins for Cross-checking.
5:33 of 1st period - Mike Modano wins face-off versus Shawn Bates in Avalanche zone.
7:09 of 1st period - Icing by Aaron Miller.
7:10 of 1st period - Brendan Morrison wins face-off versus Brett Mclean in Hurricanes zone.
7:51 of 1st period - Sergei Gonchar is hit by Gary Roberts and loses puck.
8:11 of 1st period - Icing by Eric Belanger.
8:12 of 1st period - Eric Belanger wins face-off versus Patrick Sharp in Hurricanes zone.
8:35 of 1st period - Shot by Martin Straka.
8:35 of 1st period - Goal by Martin Straka - Hurricanes : 1 - Avalanche : 1.
8:36 of 1st period - Mike Modano wins face-off versus Wes Walz in neutral zone.
9:32 of 1st period - Shot by Craig Conroy.
9:32 of 1st period - Stopped by Cristobal Huet with a rebound.
9:42 of 1st period - Shot by Craig Conroy.
9:42 of 1st period - Stopped by Cristobal Huet without a rebound.
9:43 of 1st period - Cory Stillman wins face-off versus Patrick Sharp in Hurricanes zone.
9:43 of 1st period - Erik Cole is hit by Patrick Sharp and loses puck.
9:47 of 1st period - Minor Penalty to Brendan Morrison for Roughing.
9:48 of 1st period - Patrick Sharp wins face-off versus Cory Stillman in Hurricanes zone.
9:55 of 1st period - Shot by Mike Cammalleri.
9:55 of 1st period - Stopped by Cristobal Huet without a rebound.
9:56 of 1st period - Patrick Sharp wins face-off versus Shawn Bates in Hurricanes zone.
10:01 of 1st period - Shot by Joni Pitkanen.
10:01 of 1st period - Stopped by Cristobal Huet without a rebound.
10:02 of 1st period - Patrick Sharp wins face-off versus Cory Stillman in Hurricanes zone.
11:42 of 1st period - Mike Modano is hit by Erik Cole and loses puck.
13:02 of 1st period - Shot by Wes Walz.
13:02 of 1st period - Stopped by Mike Smith without a rebound.
13:03 of 1st period - Brendan Morrison wins face-off versus Patrick Sharp in Avalanche zone.
13:24 of 1st period - Mike Cammalleri is hit by Kevin Bieksa and loses puck.
13:30 of 1st period - Brendan Morrison is hit by Greg De Vries.
13:33 of 1st period - Minor Penalty to Randy Jones for Hooking.
13:34 of 1st period - Mike Modano wins face-off versus Jean-Pierre Vigier in Avalanche zone.
13:51 of 1st period - Shot by Joe Corvo.
13:51 of 1st period - Shot Misses the Net.
13:55 of 1st period - Shot by Ladislav Nagy.
13:55 of 1st period - Shot Misses the Net.
13:57 of 1st period - Shot by Joe Corvo.
13:57 of 1st period - Shot Blocked by Kevin Klein.
13:59 of 1st period - Shot by Jean-Pierre Vigier.
13:59 of 1st period - Stopped by Mike Smith without a rebound.
14:00 of 1st period - Mike Modano wins face-off versus Brendan Morrison in Avalanche zone.
14:15 of 1st period - Shot by Brendan Morrison.
14:15 of 1st period - Stopped by Mike Smith without a rebound.
14:16 of 1st period - Brett Mclean wins face-off versus Jean-Pierre Vigier in Avalanche zone.
15:09 of 1st period - Shot by Ladislav Nagy.
15:09 of 1st period - Stopped by Mike Smith without a rebound.
15:10 of 1st period - Brett Mclean wins face-off versus Brendan Morrison in Avalanche zone.
15:24 of 1st period - Off-side.
15:25 of 1st period - Brett Mclean wins face-off versus Brendan Morrison in neutral zone.
15:48 of 1st period - Shot by Pavol Demitra.
15:48 of 1st period - Shot Blocked by Karlis Skrastins.
15:50 of 1st period - Shot by Chris Gratton.
15:50 of 1st period - Stopped by Mike Smith without a rebound.
15:51 of 1st period - Mike Modano wins face-off versus Jean-Pierre Vigier in Avalanche zone.
17:02 of 1st period - Shot by Martin Straka.
17:02 of 1st period - Shot Misses the Net.
17:44 of 1st period - Shot by Erik Cole.
17:44 of 1st period - Shot Misses the Net.
18:53 of 1st period - Icing by Joni Pitkanen.
18:54 of 1st period - Martin Straka wins face-off versus Cory Stillman in Avalanche zone.
19:01 of 1st period - Shawn Bates is hit by Mike Cammalleri and loses puck.
19:41 of 1st period - Icing by Kurt Sauer.
19:42 of 1st period - Wes Walz wins face-off versus Craig Conroy in Avalanche zone.

Period #2

0:01 of 2nd period - Eric Belanger wins face-off versus Patrick Sharp in neutral zone.
0:23 of 2nd period - Minor Penalty to Randy Jones for Hooking.
0:24 of 2nd period - Mike Modano wins face-off versus Jean-Pierre Vigier in Avalanche zone.
1:07 of 2nd period - Icing by Kevin Bieksa.
1:08 of 2nd period - Erik Cole wins face-off versus Mike Modano in Hurricanes zone.
1:49 of 2nd period - Shot by Sergei Gonchar.
1:49 of 2nd period - Goal by Sergei Gonchar - Hurricanes : 2 - Avalanche : 1.
1:50 of 2nd period - Craig Conroy wins face-off versus Wes Walz in neutral zone.
2:16 of 2nd period - Shot by Gary Roberts.
2:16 of 2nd period - Stopped by Cristobal Huet without a rebound.
2:17 of 2nd period - Mike Modano wins face-off versus Eric Belanger in Hurricanes zone.
2:59 of 2nd period - Off-side.
3:00 of 2nd period - Cory Stillman wins face-off versus Patrick Sharp in neutral zone.
3:02 of 2nd period - Minor Penalty to Joni Pitkanen for Hooking.
3:03 of 2nd period - Brendan Morrison wins face-off versus Brett Mclean in Avalanche zone.
3:28 of 2nd period - Shot by Brent Sopel.
3:28 of 2nd period - Shot Blocked by Kurt Sauer.
3:30 of 2nd period - Shot by Erik Cole.
3:30 of 2nd period - Shot Misses the Net.
3:32 of 2nd period - Shot by Kevin Bieksa.
3:32 of 2nd period - Shot Misses the Net.
3:36 of 2nd period - Shot by Erik Cole.
3:36 of 2nd period - Shot Misses the Net.
3:53 of 2nd period - Minor Penalty to Sergei Brylin for Tripping.
3:54 of 2nd period - Craig Conroy wins face-off versus Brendan Morrison in neutral zone.
4:06 of 2nd period - Joe Corvo is hit by Greg De Vries and loses puck.
4:21 of 2nd period - Shot by Sergei Gonchar.
4:21 of 2nd period - Shot Misses the Net.
6:22 of 2nd period - Shot by Craig Conroy.
6:22 of 2nd period - Stopped by Cristobal Huet without a rebound.
6:23 of 2nd period - Brett Mclean wins face-off versus Wes Walz in Hurricanes zone.
6:27 of 2nd period - Icing by Wes Walz.
6:28 of 2nd period - Patrick Sharp wins face-off versus Wes Walz in Hurricanes zone.
6:39 of 2nd period - Shot by Mike Cammalleri.
6:39 of 2nd period - Shot Blocked by Aaron Ward.
6:48 of 2nd period - Off-side.
6:49 of 2nd period - Cory Stillman wins face-off versus Wojtek Wolski in neutral zone.
6:52 of 2nd period - Greg De Vries is hit by Erik Cole and loses puck.
6:57 of 2nd period - Shot by Erik Cole.
6:57 of 2nd period - Stopped by Mike Smith without a rebound.
6:58 of 2nd period - Eric Belanger wins face-off versus Craig Conroy in Avalanche zone.
7:05 of 2nd period - Shot by Sergei Gonchar.
7:05 of 2nd period - Shot Blocked by Karlis Skrastins.
7:07 of 2nd period - Shot by Ladislav Nagy.
7:07 of 2nd period - Stopped by Mike Smith without a rebound.
7:08 of 2nd period - Brett Mclean wins face-off versus Cory Stillman in Avalanche zone.
7:13 of 2nd period - Greg De Vries is hit by Cory Stillman and loses puck.
7:32 of 2nd period - Shot by Brett Mclean.
7:32 of 2nd period - Shot Misses the Net.
7:37 of 2nd period - Icing by Erik Cole.
7:38 of 2nd period - Craig Conroy wins face-off versus Cory Stillman in Hurricanes zone.
8:00 of 2nd period - Icing by Craig Conroy.
8:01 of 2nd period - Craig Conroy wins face-off versus Eric Belanger in Avalanche zone.
8:13 of 2nd period - Icing by Karlis Skrastins.
8:14 of 2nd period - Craig Conroy wins face-off versus Eric Belanger in Avalanche zone.
9:05 of 2nd period - Minor Penalty to Ladislav Nagy for Charging.
9:06 of 2nd period - Mike Modano wins face-off versus Wes Walz in Avalanche zone.
9:06 of 2nd period - Mike Modano is hit by Wes Walz.
9:11 of 2nd period - Off-side.
9:12 of 2nd period - Mike Modano wins face-off versus Wes Walz in neutral zone.
9:41 of 2nd period - Shot by Kevin Klein.
9:41 of 2nd period - Shot Misses the Net.
10:51 of 2nd period - Shot by Patrick Sharp.
10:51 of 2nd period - Stopped by Cristobal Huet without a rebound.
10:52 of 2nd period - Wes Walz wins face-off versus Patrick Sharp in Hurricanes zone.
11:27 of 2nd period - Shot by Craig Conroy.
11:27 of 2nd period - Shot Blocked by Joe Corvo.
11:29 of 2nd period - Shot by Craig Conroy.
11:29 of 2nd period - Stopped by Cristobal Huet with a rebound.
11:33 of 2nd period - Shot by Gary Roberts.
11:33 of 2nd period - Stopped by Cristobal Huet without a rebound.
11:34 of 2nd period - Cory Stillman wins face-off versus Brett Mclean in Hurricanes zone.
11:58 of 2nd period - Shot by Cory Stillman.
11:58 of 2nd period - Shot Misses the Net.
12:00 of 2nd period - Shot by Cory Stillman.
12:00 of 2nd period - Shot Hit the Post.
12:02 of 2nd period - Shot by Shawn Bates.
12:02 of 2nd period - Shot Misses the Net.
12:19 of 2nd period - Icing by Joni Pitkanen.
12:20 of 2nd period - Brett Mclean wins face-off versus Eric Belanger in Avalanche zone.
14:00 of 2nd period - Shot by Brandon Bochenski.
14:00 of 2nd period - Stopped by Cristobal Huet without a rebound.
14:01 of 2nd period - Eric Belanger wins face-off versus Patrick Sharp in Hurricanes zone.
14:12 of 2nd period - Shot by Martin Straka.
14:12 of 2nd period - Stopped by Cristobal Huet without a rebound.
14:13 of 2nd period - Brett Mclean wins face-off versus Cory Stillman in Hurricanes zone.
14:41 of 2nd period - Icing by Sergei Brylin.
14:42 of 2nd period - Brett Mclean wins face-off versus Eric Belanger in Avalanche zone.
15:19 of 2nd period - Joe Corvo is hit by Kevin Klein and loses puck.
15:36 of 2nd period - Shot by Wojtek Wolski.
15:36 of 2nd period - Shot Blocked by Shawn Bates.
15:57 of 2nd period - Wes Walz is hit by Karlis Skrastins and loses puck.
16:52 of 2nd period - Shot by Sergei Gonchar.
16:52 of 2nd period - Stopped by Mike Smith without a rebound.
16:53 of 2nd period - Patrick Sharp wins face-off versus Cory Stillman in Avalanche zone.
17:46 of 2nd period - Karlis Skrastins is hit by Eric Belanger and loses puck.
17:52 of 2nd period - Icing by Karlis Skrastins.
17:53 of 2nd period - Patrick Sharp wins face-off versus Eric Belanger in Avalanche zone.
18:08 of 2nd period - Greg De Vries is hit by Jean-Pierre Vigier.
18:12 of 2nd period - Minor Penalty to Mike Modano for Slashing.
18:13 of 2nd period - Bill Thomas wins face-off versus Erik Cole in Hurricanes zone.
18:16 of 2nd period - Shot by Sergei Brylin.
18:16 of 2nd period - Shot Misses the Net.
18:17 of 2nd period - Minor Penalty to Sergei Brylin for Tripping.
18:18 of 2nd period - Craig Conroy wins face-off versus Brendan Morrison in Hurricanes zone.
18:23 of 2nd period - Shot by Craig Conroy.
18:23 of 2nd period - Stopped by Cristobal Huet without a rebound.
18:24 of 2nd period - Brendan Morrison wins face-off versus Craig Conroy in Hurricanes zone.
18:39 of 2nd period - Shot by Joe Corvo.
18:39 of 2nd period - Shot Misses the Net.
18:41 of 2nd period - Shot by Brendan Morrison.
18:41 of 2nd period - Goal by Brendan Morrison - Hurricanes : 3 - Avalanche : 1.
18:42 of 2nd period - Mike Modano wins face-off versus Jean-Pierre Vigier in neutral zone.
19:10 of 2nd period - Shot by Cory Stillman.
19:10 of 2nd period - Stopped by Mike Smith without a rebound.
19:11 of 2nd period - Mike Modano wins face-off versus Brendan Morrison in Avalanche zone.

Period #3

0:01 of 3rd period - Brett Mclean wins face-off versus Jean-Pierre Vigier in neutral zone.
1:23 of 3rd period - Mike Modano is hit by Ladislav Nagy.
2:32 of 3rd period - Shot by Pavol Demitra.
2:32 of 3rd period - Shot Misses the Net.
2:43 of 3rd period - Icing by Wojtek Wolski.
2:44 of 3rd period - Eric Belanger wins face-off versus Mike Modano in Avalanche zone.
3:34 of 3rd period - Double Minor Penalty to Sergei Gonchar for Roughing.
3:35 of 3rd period - Cory Stillman wins face-off versus Patrick Sharp in Hurricanes zone.
4:06 of 3rd period - Shot by Martin Straka.
4:06 of 3rd period - Shot Blocked by Aaron Miller.
4:08 of 3rd period - Shot by Joni Pitkanen.
4:08 of 3rd period - Stopped by Cristobal Huet without a rebound.
4:09 of 3rd period - Cory Stillman wins face-off versus Patrick Sharp in Hurricanes zone.
4:38 of 3rd period - Shot by Joni Pitkanen.
4:38 of 3rd period - Shot Misses the Net.
5:12 of 3rd period - Shot by Brett Mclean.
5:12 of 3rd period - Shot Hit the Post.
6:16 of 3rd period - Erik Cole is hit by Patrick Sharp and loses puck.
7:01 of 3rd period - Shot by Kurt Sauer.
7:01 of 3rd period - Stopped by Cristobal Huet with a rebound.
7:03 of 3rd period - Shot by Kurt Sauer.
7:03 of 3rd period - Stopped by Cristobal Huet without a rebound.
7:04 of 3rd period - Mike Modano wins face-off versus Wes Walz in Hurricanes zone.
7:05 of 3rd period - Shot by Kevin Klein.
7:05 of 3rd period - Shot Blocked by Kevin Bieksa.
7:09 of 3rd period - Shot by Wojtek Wolski.
7:09 of 3rd period - Stopped by Cristobal Huet with a rebound.
7:36 of 3rd period - Wojtek Wolski is hit by Joe Corvo and loses puck.
7:51 of 3rd period - Minor Penalty to Ladislav Nagy for Tripping.
7:52 of 3rd period - Cory Stillman wins face-off versus Patrick Sharp in Avalanche zone.
8:11 of 3rd period - Shawn Bates is hit by Mike Cammalleri and loses puck.
8:34 of 3rd period - Icing by Gary Roberts.
8:35 of 3rd period - Wes Walz wins face-off versus Gary Roberts in Avalanche zone.
9:28 of 3rd period - Shot by Kevin Klein.
9:28 of 3rd period - Stopped by Cristobal Huet without a rebound.
9:29 of 3rd period - Erik Cole wins face-off versus Patrick Sharp in Hurricanes zone.
9:50 of 3rd period - Kevin Bieksa is hit by Mike Cammalleri and loses puck.
10:36 of 3rd period - Icing by Craig Conroy.
10:37 of 3rd period - Craig Conroy wins face-off versus Jean-Pierre Vigier in Avalanche zone.
10:37 of 3rd period - Bill Thomas is hit by Shawn Bates and loses puck.
11:09 of 3rd period - Double Minor Penalty to Kevin Bieksa for High sticking.
11:10 of 3rd period - Wes Walz wins face-off versus Brandon Bochenski in Hurricanes zone.
11:26 of 3rd period - Shot by Brandon Bochenski.
11:26 of 3rd period - Shot Blocked by Ladislav Nagy.
11:28 of 3rd period - Shot by Kevin Klein.
11:28 of 3rd period - Goal by Kevin Klein - Hurricanes : 3 - Avalanche : 2.
11:29 of 3rd period - Wes Walz wins face-off versus Patrick Sharp in neutral zone.
12:17 of 3rd period - Icing by Brandon Bochenski.
12:18 of 3rd period - Mike Modano wins face-off versus Wes Walz in Avalanche zone.
12:28 of 3rd period - Off-side.
12:29 of 3rd period - Mike Modano wins face-off versus Erik Cole in neutral zone.
13:56 of 3rd period - Off-side.
13:57 of 3rd period - Peter Bondra wins face-off versus Erik Cole in neutral zone.
14:22 of 3rd period - Shot by Shawn Bates.
14:22 of 3rd period - Shot Misses the Net.
14:24 of 3rd period - Shot by Erik Cole.
14:24 of 3rd period - Shot Misses the Net.
14:26 of 3rd period - Shot by Brent Sopel.
14:26 of 3rd period - Stopped by Mike Smith without a rebound.
14:27 of 3rd period - Mike Modano wins face-off versus Eric Belanger in Avalanche zone.
14:39 of 3rd period - Shot by Pavol Demitra.
14:39 of 3rd period - Stopped by Mike Smith without a rebound.
14:40 of 3rd period - Craig Conroy wins face-off versus Wes Walz in Avalanche zone.
14:55 of 3rd period - Shot by Erik Cole.
14:55 of 3rd period - Shot Misses the Net.
14:57 of 3rd period - Shot by Jean-Pierre Vigier.
14:57 of 3rd period - Shot Misses the Net.
15:07 of 3rd period - Shot by Erik Cole.
15:07 of 3rd period - Stopped by Mike Smith with a rebound.
15:09 of 3rd period - Shot by Jean-Pierre Vigier.
15:09 of 3rd period - Stopped by Mike Smith with a rebound.
15:46 of 3rd period - Shot by Mike Cammalleri.
15:46 of 3rd period - Shot Misses the Net.
15:48 of 3rd period - Shot by Patrick Sharp.
15:48 of 3rd period - Shot Misses the Net.
15:52 of 3rd period - Shot by Martin Straka.
15:52 of 3rd period - Shot Misses the Net.
15:54 of 3rd period - Shot by Randy Jones.
15:54 of 3rd period - Shot Misses the Net.
15:58 of 3rd period - Shot by Mike Cammalleri.
15:58 of 3rd period - Stopped by Cristobal Huet without a rebound.
15:59 of 3rd period - Wes Walz wins face-off versus Brandon Bochenski in Hurricanes zone.
16:25 of 3rd period - Shot by Brandon Bochenski.
16:25 of 3rd period - Shot Misses the Net.
16:39 of 3rd period - Shot by Wojtek Wolski.
16:39 of 3rd period - Shot Misses the Net.
17:37 of 3rd period - Sergei Gonchar is hit by Gary Roberts and loses puck.
18:13 of 3rd period - Icing by Kurt Sauer.
18:14 of 3rd period - Craig Conroy wins face-off versus Jean-Pierre Vigier in Avalanche zone.
19:03 of 3rd period - Icing by Mike Modano.
19:04 of 3rd period - Chris Gratton wins face-off versus Mike Modano in Avalanche zone.
19:13 of 3rd period - Shot by Pavol Demitra.
19:13 of 3rd period - Stopped by Mike Smith without a rebound.
19:14 of 3rd period - Patrick Sharp wins face-off versus Cory Stillman in Avalanche zone.
19:21 of 3rd period - Avalanche, Mike Smith is pulled from the net.
19:25 of 3rd period - Shot by Martin Straka.
19:25 of 3rd period - Stopped by Cristobal Huet with a rebound.
19:27 of 3rd period - Shot by Mike Cammalleri.
19:27 of 3rd period - Deflect By Martin Straka.
19:27 of 3rd period - Shot Misses the Net.
19:29 of 3rd period - Shot by Martin Straka.
19:29 of 3rd period - Shot Blocked by Joe Corvo.
19:36 of 3rd period - Minor Penalty to Martin Straka for Interference.
19:36 of 3rd period - Minor Penalty to Kevin Bieksa for Roughing.
19:37 of 3rd period - Patrick Sharp wins face-off versus Brendan Morrison in Hurricanes zone.


Output by the SimonT Hockey Simulator (STHS) for Stephane Roy -- Original Page W3C XHTML 1.0 Valid